 Dungeon Crawl Stone Soup version 0.30.0-11-gf55b779eaf (webtiles) character file.

Game seed: 15351928882257205156

65 hawla the Firebug (level 3, -2/19 HPs)
             Began as a Deep Elf Fire Elementalist on May 16, 2023.
             Killed from afar by Sigmund (10 damage)
             ... with a magic dart
             ... on level 2 of the Dungeon.
             The game lasted 00:02:57 (1381 turns).

hawla the Firebug (Deep Elf Fire Elementalist)      Turns: 1381, Time: 00:02:57

Health: -2/19      AC:  0    Str:  5    XL:     3   Next: 94%
Magic:  5/10       EV: 15    Int: 21    God:
Gold:   80         SH:  0    Dex: 15    Spells: 6/9 levels left

rFire   . . .        f - melded +0 dagger
rCold   . . .        (shield currently unavailable)
rNeg    . . .        a - melded +0 robe
rPois   .            (helmet currently unavailable)
rElec   .            h - melded +0 cloak
rCorr   .            (gloves currently unavailable)
SInv    .            (boots currently unavailable)
Will    .....        (no amulet)
Stlth   +            (ring currently unavailable)
HPRegen 0.23/turn    (ring currently unavailable)
MPRegen 0.12/turn

%: no passive effects
@: confused, mighty, pig-form, very quick
A: fast, no casting, small
a: no special abilities


You were on level 2 of the Dungeon.
You were a filthy swine.
You visited 1 branch of the dungeon, and saw 2 of its levels.

You collected 80 gold pieces.

Inventory:

Hand Weapons
 f - a +0 dagger (melded)
Armour
 a - a +0 robe (melded)
 h - a +0 cloak (melded)
Scrolls
 e - a scroll of noise {unknown}
 g - 3 scrolls of identify {unknown}
 i - a scroll of brand weapon {unknown}
Potions
 b - a potion of magic
 d - a potion of resistance {unknown}


   Skills:
 + Level 2.9 Dodging
 + Level 2.6 Stealth
 + Level 3.8 Spellcasting
 + Level 1.9 Conjurations
 + Level 4.3 Fire Magic


You had 6 spell levels left.
You knew the following spells:

 Your Spells              Type           Power      Damage    Failure   Level
a - Foxfire               Conj/Fire      68%        2x1d7     3%          1
b - Scorch                Fire           44%        2d7       3%          2

Your spell library contained the following spells:

 Spells                   Type           Power      Damage    Failure   Level
 Sting                    Tmut/Pois      16%        1d3       12%         1
 Inner Flame              Hex/Fire       13%        N/A       16%         3
 Volatile Blastmotes      Fire/Tloc      26%        2d12      16%         3
 Poisonous Vapours        Pois/Air       8%         N/A       19%         2
 Sublimation of Blood     Necr           4%         N/A       19%         2
 Flame Wave               Conj/Fire      17%        2d7       32%         4
 Olgreb's Toxic Radiance  Pois           4%         N/A       77%         4
 Petrify                  Tmut/Erth      4%         N/A       77%         4
 Irradiate                Conj/Tmut      4%         3d13      92%         5


Dungeon Overview and Level Annotations

Branches:
Dungeon (2/15)

Altars:

Annotations:
D:2 Sigmund


Message History

Casting: Foxfire (safe; 3% risk of failure)
Confirm with . or Enter, or press ? or * to list all spells.
You conjure some foxfire!
Sigmund shouts!
The foxfire hits Sigmund.
Sigmund is lightly wounded.
An endoplasm comes into view.
Casting: Foxfire (safe; 3% risk of failure)
Confirm with . or Enter, or press ? or * to list all spells.
You miscast Foxfire.
You are very lightly contaminated with residual magic.
Nothing appears to happen.
Your foxfire dissipates!
Sigmund mumbles some strange words.
Sigmund flickers and vanishes!
Deactivating autopickup; reactivate with Ctrl-A.
The foxfire hits something.
No reachable target in view!
Your foxfire dissipates!
Casting: Foxfire (safe; 3% risk of failure)
Confirm with . or Enter, or press ? or * to list all spells.
Flames lash something.
You hear a zap.
You turn into a filthy swine.
Your +0 dagger melds into your body.
Your +0 cloak melds into your body.
Your +0 robe melds into your body.
Unknown command.
You hear some strange, mumbled words.
You are confused.
You bump into the tree.
Something hits you!
Ouch! That really hurt!
Unknown command.
It was a potion of might.
You feel very mighty all of a sudden.
Your magical contamination has completely faded away.
Something barely misses you. The endoplasm barely misses you.
You completely miss the endoplasm. The endoplasm misses you.
A magic dart appears from out of thin air!
The magic dart hits you!
Ouch! That really hurt!
You die...

. ## .♣ J♣8 .. .♣..♣
.♣..♣.. .
#♣8♣...♣8♣...♣8 #
#.♣..♣.$♣.J♣..♣.#
#...
##...♣8♣...♣8♣[..#
#... .(♣..♣..♣..♣..♣
#..# #♣8♣...♣8♣J..♣8
#..# #.♣.§♣..♣h.♣..
#..# #..♣8♣...♣8♣
#..# ###.♣..♣{.♣.#
#..# ##..♣8♣..## #..#
##..♣.#.# ...#
#.##...#
...##########.## #.#
...............# .#
##############.......


You could see an endoplasm.

Vanquished Creatures
  Crazy Yiuf (D:2)
  An adder (D:2)
  A dart slug (D:1)
  2 endoplasms (D:1)
  3 goblins (D:1)
  3 hobgoblins
  3 kobolds
  3 ball pythons
  3 bats
  3 rats (D:1)
23 creatures vanquished.

Vanquished Creatures (others)
  56 foxfires
56 creatures vanquished.

Grand Total: 79 creatures vanquished

Notes
Turn   | Place    | Note
-------+----------+-------------------------------------------
     0 | D:1      | hawla the Deep Elf Fire Elementalist began the quest for
                  | the Orb.
     0 | D:1      | Reached XP level 1. HP: 10/10 MP: 6/6
   294 | D:1      | Reached XP level 2. HP: 15/15 MP: 5/8
   297 | D:1      | Learned a level 2 spell: Scorch
   857 | D:1      | Reached skill level 4 in Fire Magic
  1138 | D:2      | Found a runed translucent door.
  1139 | D:2      | Noticed Crazy Yiuf
  1145 | D:2      | Killed Crazy Yiuf
  1146 | D:2      | Reached XP level 3. HP: 19/19 MP: 2/10
  1368 | D:2      | Noticed Sigmund
  1381 | D:2      | Killed from afar by Sigmund

Illustrated notes

Levels and vault maps discovered:
D:1:      mrwooster_arrival_statue_3, layout_loops_corners,
          minmay_misc_feat_cross
D:2:      layout_loops_ring, kennysheep_doodads, uniq_sigmund,
          uniq_crazy_yiuf_cottage

Skill      XL: |  1  2 |
---------------+-------+-----
Fire Magic     | 4 |  4.3
Dodging        | |  2.9
Stealth        | |  2.6
Spellcasting   | |  3.8
Conjurations   | |  1.9

Action                     || total
---------------------------++-------
  Melee: Unarmed           ||     2
         Dagger            ||     4
   Cast: Foxfire           ||    33
         Scorch            ||     8
    Use: Potion            ||     1
  Dodge: Dodged            ||    11
